← All builds
Tech / Armada / Economy first / OBSERVED BUILD

Standard tech

Rushes T2 factory and Advanced Metal Extractors while supplying T2 constructors to teammates, then transitions into anti-nuke and support units later.

Usually first T2 con to Geo (85%)

#t2 #eco #team support · 762 distinct matches · 108 players · 59% of Armada Tech games · team won 53% of 882 · Recently observed

HOW TO PLAY IT

Key timing: T2 lab by 4:15

  1. Take 3 mex, then wind and a Bot Lab to open eco fast.
  2. Push T2 lab out, aim to pass T2 to air player.
  3. Get first T2 constructor building, prioritize mex upgrades over eco.
  4. Finish Advanced Metal Extractor, keep upgrading team's mex.
  5. Add fus and anti-nuke, keep feeding T2 cons and Umbrella/Citadel to team.

Phase by phase

TYPICAL OF ITS 762 GAMES
  1. 1
  2. 2
  3. 3
  4. 4
PLAY THE OPENING

Follow the example game's first 6:00 step by step: what to build now, what comes next, and where it goes. At 1× it keeps pace with your own game.

  1. 1

    Up to the Bot Lab

    Economy
    • Metal Extractor3Mex
    • Wind Turbine4Wind
    Order
    1. Bot LabBot Lab after 3 mex, 4 winddone ~1:17, middle half 1:13–1:32

    By 1:01 in all: 3 mex · 4 wind

    The example game in this phase · 3 steps
    1. Mex ×3
    2. Wind ×5
    3. Bot LabBot Labdone 1:23 · typical 1:17
  2. 2

    Bot Lab to Advanced Bot Lab

    Economy
    • Metal Extractor1Mex
    • Wind Turbine8Wind
    • Energy Storage1Energy storage
    Order
    1. Advanced Bot LabAdvanced Bot Lab after 4 mex, 12 wind, 3 con turretdone ~4:15, middle half 4:04–4:27
    Builders
    • Construction Turret3 Con turret
    • Lazarus3 Lazarus
    • Construction Bot2 Con bot
    • Construction Bot1 Con bot for allies

    Some games also: converter (36%)

    By 3:19 in all: 4 mex · 12 wind · 1 energy storage · 3 con turret

    The example game in this phase · 13 steps
    1. Construction BotCon bot
    2. Wind ×2
    3. LazarusLazarus ×2
    4. Construction BotCon botfor Air
    5. Mex
    6. LazarusLazarus
    7. Con turret ×2
    8. Wind
    9. Energy storage
    10. Con turret
    11. Wind ×3
    12. Converter
    13. Advanced Bot LabAdvanced Bot Labdone 4:08 · typical 4:15
  3. 3

    Advanced Bot Lab to 5:00

    Economy
    • Wind Turbine2Wind
    Builders
    • Advanced Construction Bot1 T2 con bot for allies

    Some games also: converter (36%)

    By 5:00 in all: 4 mex · 15 wind · 2 converter · 1 energy storage · 3 con turret

    The example game in this phase · 4 steps
    1. Converter
    2. Wind ×2
    3. Advanced Construction BotT2 con botfor Geo
    4. Advanced Metal ExtractorT2 mex ×2done 4:56 · typical 5:29
  4. 4

    5:00 to 10:00

    Economy
    • Wind Turbine44Wind
    • Energy Converter6Converter
    Builders
    • Butler8 Butler
    • Advanced Construction Bot4 T2 con bot for allies
    • Advanced Construction Bot1 T2 con bot

    Some games also: con turret (47%) · Butler for allies (38%)

    By 10:00 in all: 4 mex · 59 wind · 8 converter · 1 energy storage · 3 con turret

    The example game in this phase · 141 steps
    1. Advanced Construction BotT2 con botfor Air
    2. Wind ×4
    3. Advanced Metal ExtractorT2 mex
    4. Advanced Construction BotT2 con botfor Geo sea
    5. ButlerButler
    6. Wind
    7. ButlerButler
    8. Advanced Metal ExtractorT2 mex
    9. Wind ×2
    10. SharpshooterSniper botfor Frontdone 7:44
    11. Wind ×5
    12. Advanced Construction BotT2 con botfor Beach sea
    13. Wind ×6
    14. Advanced Construction BotT2 con botfor Pond
    15. Wind ×3
    16. ButlerButler
    17. Wind ×2
    18. ButlerButler
    19. Wind ×2
    20. ButlerButler
    21. Wind
    22. ButlerButler
    23. Wind
    24. ButlerButler ×2
    25. Wind ×21
    26. Advanced Construction BotT2 con bot
    27. Wind ×20
    28. ButlerButler
    29. Wind ×4
    30. ButlerButler
    31. Wind ×12
    32. Con turret
    33. Wind ×4
    34. Converter
    35. Wind ×7
    36. Converter
    37. Wind
    38. T2 converter
    39. Con turret
    40. Wind ×4
    41. Converter
    42. Con turret
    43. Wind ×8
    44. Converter
    45. Wind ×4
    46. Converter
    47. Wind ×2
    48. Con turret
    49. Wind ×2
    50. Con turret
    51. Wind ×4
    52. Converter
    53. Wind ×4
    54. T2 converter
    55. Wind ×4
    56. Converter
    57. Wind ×6
    58. Converter
    59. Wind ×9
    60. Converter
    61. Wind ×4
    62. Con turret
    63. Wind ×2
    64. T2 converter
    65. Wind ×4
    66. Con turret
    67. Converter
    68. Wind ×7
    69. Con turret
    70. Wind ×4
    71. Con turret
    72. Wind
    73. Converter
    74. Wind ×11
    75. Converter
    76. Aircraft PlantAircraft Plantdone 12:47
    77. Wind ×12
    78. Converter
    79. Wind ×3
    80. StormbringerBomber
    81. Wind ×3
    82. StormbringerBomber
    83. Wind ×4
    84. Converter
    85. StormbringerBomber
    86. Wind ×2
    87. StormbringerBomber
    88. Wind ×3
    89. StormbringerBomber
    90. Wind ×3
    91. Converter
    92. Wind
    93. StormbringerBomber
    94. Wind ×4
    95. StormbringerBomber
    96. Wind ×2
    97. Converter
    98. StormbringerBomber
    99. Wind ×3
    100. StormbringerBomber
    101. Wind ×4
    102. StormbringerBomber
    103. Wind
    104. Converter
    105. Wind ×4
    106. StormbringerBomber
    107. Wind ×2
    108. StormbringerBomber
    109. Wind ×4
    110. StormbringerBomber
    111. Converter
    112. Wind ×4
    113. StormbringerBomber
    114. Wind ×3
    115. StormbringerBomber
    116. Wind ×3
    117. Converter
    118. TracerTracer
    119. Wind ×11
    120. Converter
    121. Wind ×10
    122. Converter
    123. Wind ×11
    124. Converter
    125. Wind ×4
    126. Con turret
    127. Wind ×5
    128. Con turret
    129. Converter
    130. Wind ×4
    131. Con turret
    132. Wind ×9
    133. Converter
    134. Wind ×4
    135. RattlesnakeRattlesnakenot finished by 15:00
    136. Wind ×5
    137. Converter
    138. Wind ×2
    139. FalconFighter
    140. Wind ×2
    141. FalconFighter

Counts are medians over the build's games: half of them build more, half fewer. The example game is Adeus's (36 OS, 27/09/2026); pick another.

Team trades

IN AT LEAST 30% OF ITS GAMES

You hand over

  • Construction Bot1 Con bot to Airfirst at 2:22 · in 88% of games
  • Advanced Construction Bot5 T2 con bot to Air or Pond or Geo seafirst at 4:46 · in 99% of games
  • Sharpshooter2 Sniper bot to Pondfirst at 5:21 · in 33% of games
  • Butler2 Butler to Geo sea or Beach sea or Pondfirst at 9:04 · in 42% of games

You get

  • Hercules1 Light transport from Airfirst at 4:00 · in 86% of games

How it plays out

Typical game of this build, running totals by minute

Metal produced

020k40k
0:005:0010:0015:00

metal

Enemy metal destroyed

0200400
0:005:0010:0015:00

metal

Own metal lost

0100200300
0:005:0010:0015:00

metal

882 games.

Show as table
ByMetal produced: This buildEnemy metal destroyed: This buildOwn metal lost: This build
1:0038300
2:0091500
3:00164400
4:00315200
5:00486600
6:00581100
7:00723300
8:00907900
9:001125300
10:001358400
11:001641600
12:001998800
13:002377500
14:002754990108
15:0031616324206
WHAT THE NUMBERS SAY

This is the role's baseline and wins slightly more than half its games with a huge metal lead but almost no kills, showing its value is economic not combat.

  • + Produces 31389 metal by 15:00, far above other roles.
  • + Reaches T2 lab and constructor by 4:15-4:33 almost every game.
  • − Barely destroys any enemy metal (400 by 15:00), no combat presence.
  • − Fusion Reactor and anti-nuke only land in 44% of games.
THE EXAMPLE YOU ARE READING

Adeus

35.6 OS · 27/09/2026

Open source match ↗

2 received units
1626 metal received · 51030 energy received

Allied construction assistance is unknown. Timings are observations, not a promise of solo reproducibility.

Typical milestones

Bot Lab1:17Middle 50%: 1:13–1:32 · n=882
Advanced Bot Lab4:15Middle 50%: 4:04–4:27 · n=876
Advanced Metal Extractor5:29Middle 50%: 5:06–5:58 · n=880

Played most by

Amrissa100games of this buildSyphos39games of this buildKOT_38games of this buildAdeus34games of this buildTeaner33games of this build